 Dungeon Crawl Stone Soup version 0.19.4-9-g45fd643 (webtiles) character file.

73 Gargoyl the Skirmisher (level 4, -1/40 HPs)
             Began as a Ghoul Abyssal Knight on Feb 20, 2017.
             Was a Believer of Lugonu.
             Slain by a gnoll
             ... wielding a +0 flail
              (3 damage)
             ... on level 2 of the Dungeon.
             The game lasted 00:03:56 (1573 turns).

Gargoyl the Skirmisher (Ghoul Abyssal Knight)       Turns: 1573, Time: 00:03:56

Health: -1/40      AC: 11    Str: 12 (15) XL:     4   Next: 27%
Magic:  5/5        EV:  2    Int:  4 (7)  God:    Lugonu [**....]
Gold:   158        SH:  0    Dex:  6 (9)  Spells: 0 memorised, 3 levels left

rFire  . . .     SeeInvis .     a - +2 hand axe
rCold  + . .     Gourm    .     e - +0 plate armour
rNeg   + + +     Faith    .     (no shield)
rPois  ∞         Spirit   .     (no helmet)
rElec  .         Reflect  .     (no cloak)
rCorr  .         Harm     .     (no gloves)
MR     .....                    (no boots)
Stlth  ..........               (no amulet)
                                (no ring)
                                (no ring)

@: held, rotting
A: rotting body, claws 1, carnivore 3, cold resistance 1, negative energy
resistance 3, slow regeneration 1, torment resistance, unbreathing
a: Depart the Abyss, Bend Space, Renounce Religion


You were on level 2 of the Dungeon.
You worshipped Lugonu.
Lugonu was pleased with you.
You were not hungry.

You visited 1 branch of the dungeon, and saw 2 of its levels.
You visited the Abyss 1 time.

You collected 158 gold pieces.

Inventory:

Hand Weapons
 a - a +2 hand axe (weapon)
 m - a +1 whip of freezing
Armour
 b - a +0 leather armour
 e - a +0 plate armour (worn)
Jewellery
 g - an uncursed ring of ice {unknown}
Scrolls
 i - a scroll of enchant weapon
Potions
 d - a potion of degeneration
Comestibles
 c - a meat ration
 h - a beef jerky
 j - a royal jelly
 k - a slice of pizza


   Skills:
 + Level 3.8 Fighting
 + Level 2.4 Axes
 * Level 2.6 Armour
 + Level 0.8 Dodging
 * Level 2.8 Invocations


You had 3 spell levels left.
You didn't know any spells.

Dungeon Overview and Level Annotations

Branches:
Dungeon (2/15)

Altars:


Innate Abilities, Weirdness & Mutations

Your body is rotting away.
You thrive on raw meat.
You are immune to poison.
You have sharp fingernails.
You are carnivorous and can eat meat at any time.
Your flesh is cold resistant. (rC+)
You are immune to negative energy. (rN+++)
You regenerate slowly when monsters are visible.
You are immune to unholy pain and torment.
You can survive without breathing.


Message History

The gnoll hits you but does no damage. x2
It was a potion of beneficial mutation.
Your body decomposes!
You feel dopey.
You feel dead inside.
The gnoll hits you from afar with a halberd.
* * * LOW HITPOINT WARNING * * *
The gnoll hits you from afar with a spear.
* * * LOW HITPOINT WARNING * * *
It was a potion of curing.
You feel better. The gnoll hits you with a flail.
* * * LOW HITPOINT WARNING * * *
The gnoll hits you but does no damage. x2
You struggle against the net.
The gnoll hits you with a flail.
* * * LOW HITPOINT WARNING * * *
The gnoll hits you from afar with a halberd.
* * * LOW HITPOINT WARNING * * *
The gnoll hits you but does no damage.
Unknown command.
You struggle against the net.
The gnoll hits you with a flail.
You die...

#.##.#.# ###########.##.#.#
#............#.#.#
#............#.#.#
#......).....#.#.#
+.................
#.........#..#.###
##'##.........####....
#....@gg...#'#########
#......g...#..........
#..........###########
#..........##########.
+.....................
##.########........###
#.########........# #
#.#......#........# #
#########.#......#........#
#


You could see 3 gnolls.

Vanquished Creatures
  2 adders (D:2)
  An ooze (D:2)
  A worm (D:2)
  3 leopard geckos
  3 bats
  A giant cockroach (D:2)
  5 goblins
  4 hobgoblins
  10 jackals
  2 kobolds
  A ball python (D:1)
  5 frilled lizards
  4 rats
42 creatures vanquished.

Notes
Turn   | Place    | Note
-------+----------+-------------------------------------------
     0 | Abyss:1  | Gargoyl the Ghoul Abyssal Knight began the quest for the Orb.
     0 | Abyss:1  | Reached XP level 1. HP: 19/19 MP: 1/1
   225 | Abyss:1  | Noticed a large abomination
   255 | Abyss:2  | Found a corrupted altar of Lugonu.
   294 | Abyss:2  | Noticed a large abomination
   317 | Abyss:3  | Noticed a cacodemon
   317 | Abyss:3  | Noticed a large abomination
   317 | Abyss:3  | Noticed a small abomination
   320 | D:1      | Escaped the Abyss
   469 | D:1      | Reached XP level 2. HP: 19/25 MP: 2/2
   511 | D:1      | Reached * piety under Lugonu
   966 | D:1      | Reached XP level 3. HP: 29/31 MP: 3/3
  1341 | D:2      | Reached XP level 4. HP: 38/40 MP: 5/5
  1418 | D:2      | Reached ** piety under Lugonu
  1572 | D:2      | HP: 2/40 [gnoll/halberd (3)]
  1573 | D:2      | Slain by a gnoll

Skill      XL: |  1  2 |
---------------+-------+-----
Armour         | 2 |  2.6
Axes           | 2 |  2.4
Fighting       | |  3.8
Dodging        | |  0.8
Invocations    | |  2.8

Action                   |  1- 3 |  4- 6 || total
-------------------------+-------+-------++-------
Melee: Hand axe          |   157 |    21 ||   178
Invok: Depart the Abyss  |     1 |       ||     1
  Use: Scroll            |     3 |       ||     3
       Potion            |       |     3 ||     3
  Eat: Chunk             |    13 |     7 ||    20
Armor: Plate armour      |   173 |    30 ||   203
Dodge: Dodged            |    45 |    10 ||    55
